 Dungeon Crawl Stone Soup version 0.29.1-15-g9cfb28693d (webtiles) character file.

Game seed: 5465287283752054259

51 firemarshallily the Trooper (level 3, -1/34 HPs)
             Began as a Minotaur Berserker on Mar 2, 2023.
             Was a Follower of Trog.
             Slain by an adder (3 damage)
             ... on level 2 of the Dungeon.
             The game lasted 00:02:10 (1180 turns).

firemarshallily the Trooper (Minotaur Berserker)    Turns: 1180, Time: 00:02:12

Health: -1/34      AC:  2    Str: 23    XL:     3   Next: 57%
Magic:  11/11      EV: 12    Int:  4    God:    Trog [*.....]
Gold:   73         SH:  0    Dex:  9    Spells: 2/2 levels left

rFire   . . .      SeeInvis .   a - +0 hand axe
rCold   . . .      Faith    .   (no shield)
rNeg    . . .      Spirit   .   b - +0 animal skin
rPois   .          Reflect  .   (helmet restricted)
rElec   .          Harm     .   (no cloak)
rCorr   .          Rampage  .   (no gloves)
Will    .....                   (no boots)
Stlth   +.........              (no amulet)
HPRegen 0.11/turn               j - ring of magical power
MPRegen 0.12/turn               (no ring)

@: lethally poisoned (-1 -> -7)
A: horns 2, retaliatory headbutt
a: Renounce Religion, Berserk


You were on level 2 of the Dungeon.
You worshipped Trog.
Trog was aware of your devotion.
You visited 1 branch of the dungeon, and saw 2 of its levels.

You collected 73 gold pieces.

Inventory:

Hand Weapons
 a - a +0 hand axe (weapon)
Armour
 b - a +0 animal skin (worn)
Jewellery
 j - a ring of magical power (left hand)
Scrolls
 c - a scroll of fog {unknown}
 e - a scroll of enchant armour {unknown}
 f - a scroll of amnesia
 g - a scroll of noise {unknown}
 h - a scroll of brand weapon {unknown}
Potions
 d - 2 potions of cancellation {unknown}
 i - a potion of resistance {unknown}


   Skills:
 * Level 4.5 Fighting
 * Level 4.4 Axes
 + Level 3.1 Armour
 - Level 2.1 Dodging


You had 2 spell levels left.
You didn't know any spells.
Your spell library was empty.

Dungeon Overview and Level Annotations

Branches:
Dungeon (2/15)

Altars:

Annotations:
D:2 Sigmund


Innate Abilities, Weirdness & Mutations

You have a pair of horns on your head.
You reflexively headbutt those who attack you in melee.


Message History

The worm is lightly wounded.
The worm bites you!
You hit the worm but do no damage. Your headbutt misses the worm.
The worm is lightly wounded.
The worm bites you but does no damage.
You barely miss the worm. You hit the worm but do no damage.
You headbutt the worm!
The worm is severely wounded.
The worm bites you!
* * * LOW HITPOINT WARNING * * *
You slash the worm!
You kill the worm!
Trog accepts your kill.
Things that are here:
a +0 club; a +0 robe
There is a stone staircase leading down here.
You start resting.
An adder comes into view.
The adder hisses angrily.
You hit the adder.
The adder is moderately wounded.
The adder closely misses you.
You closely miss the adder.
The adder is moderately wounded.
The adder bites you but does no damage. The adder bites you.
You are poisoned.
The adder poisons you!
You barely miss the adder. Your headbutt misses the adder.
The adder is moderately wounded.
You feel sick. The adder bites you.
* * * LOW HITPOINT WARNING * * *
You are lethally poisoned!
The adder poisons you!
You barely miss the adder.
The adder is moderately wounded.
* * * LOW HITPOINT WARNING * * *
You feel sick. The adder bites you.
* * * LOW HITPOINT WARNING * * *
The adder bites you.
You die...

###. #...######
... ###........#
.##.###.......##.#
...†))........##.#
....###.......##.#
.##. ###.S..>...#
#. #)..####.# ..
###.####.# ##
#.#..S@# #.#.##.#
#.#.##.# #......#
###.#### #.# #.###
#...# # ###
#######.#


You could see an adder.

Vanquished Creatures
  Jessica (D:2)
  A worm (D:2)
  An orc (D:1)
  3 ball pythons
  A bat (D:2)
  A goblin (D:1)
  2 hobgoblins
  4 kobolds
  4 quokkas
  A frilled lizard (D:2)
19 creatures vanquished.

Notes
Turn   | Place    | Note
-------+----------+-------------------------------------------
     0 | D:1      | firemarshallily the Minotaur Berserker began the quest for
                  | the Orb.
     0 | D:1      | Reached XP level 1. HP: 19/19 MP: 0/0
   295 | D:1      | Reached XP level 2. HP: 20/27 MP: 1/1
   663 | D:2      | Noticed Sigmund
  1055 | D:2      | Noticed Jessica
  1069 | D:2      | Killed Jessica
  1070 | D:2      | Reached XP level 3. HP: 23/34 MP: 2/2
  1180 | D:2      | Slain by an adder

Illustrated notes

Levels and vault maps discovered:
D:1:      eino_arrival_water_star, layout_rooms
D:2:      layout_loops_cross, chequers_ecumenical_altar_island,
          minmay_statues_item, grunt_ministairs_15, kennysheep_generic_room_14,
          uniq_jessica, uniq_sigmund

Skill      XL: |  1  2 |
---------------+-------+-----
Fighting       | 4 |  4.5
Axes           | 4 |  4.4
Armour         | 3 |  3.1
Dodging        | |  2.1

Action                   || total
-------------------------++-------
Melee: Hand axe          ||    61
       Headbutt          ||     6
  Use: Scroll            ||     1
 Stab: Sleeping          ||     1
Armor: Animal skin       ||     9
Dodge: Dodged            ||    36
